AoeStats
← THL

Oasis

509100846Analyzed
2v2 RM · 6d ago on Sep 25, 2026· 45m 51s· 4 players
Game mode
Random Map
Map size
Medium (4 player)
Population
200
Speed
Normal
Resources
Standard
Victory
Conquest
Starting age
Dark Age
Ending age
Imperial Age
RankedLock teamsTeams togetherTeam positionsShared explorationLock speedFull tech treeHidden civsTurbo modeCheats
Victory
Defeat
🇻🇳 Maya · Vietnam
1581
+20
🇬🇧 Persians · United Kingdom
1493
+23
🇨🇿 Saxons · Czechia
1663
-22
🇨🇿 Spanish · Czechia
1661
-21
THL
0:29 Loom
9:11 Feudal Age
9:56 Double-Bit Axe
12:51 Fletching
18:50 Padded Archer Armor
25:00 Castle Age
25:07 Crossbowman
25:43 Bodkin Arrow
25:59 Bow Saw
32:18 Ballistics
39:19 Wheelbarrow
41:22 Imperial Age
39:45 Leather Archer Armor
41:30 Thumb Ring
41:48 Squires
41:26 Arbalester
42:07 Bracer
43:02 Ring Archer Armor
45:50 Chemistry
Ash
5:25 Loom
xberny
7:11 Loom
11:31 Feudal Age
12:19 Double-Bit Axe
39:33 Scale Barding Armor
42:39 Forging
45:06 Bloodlines
GoPlayTetris
6:34 Loom
9:02 Feudal Age
8:11 Loom
17:00 Man-at-Arms
25:03 Double-Bit Axe
26:03 Fletching
30:43 Castle Age
31:41 Bodkin Arrow
33:13 Padded Archer Armor
34:17 Bow Saw
34:04 Elite Skirmisher
43:42 Ballistics
44:04 Leather Archer Armor
Connection lost

Rejoining the realm…

Still unreachable

The connection could not be restored.

Session expired

The server has moved on; the page needs a fresh start.